 Dungeon Crawl Stone Soup version 0.30.1-4-g462c640d31 (webtiles) character file.

Game seed: 15579863386867593338

112 DildoBatman the Conjurer (level 5, -4/38 HPs)
             Began as a Formicid Conjurer on Aug 23, 2023.
             Killed by divine providence
             ... invoked by an orc priest
              (16 damage)
             ... on level 4 of the Dungeon.
             The game lasted 00:05:07 (2474 turns).

DildoBatman the Conjurer (Formicid Conjurer)        Turns: 2474, Time: 00:05:07

Health: -4/38      AC:  6    Str: 12    XL:     5   Next: 16%
Magic:  6/9        EV: 17    Int: 19    God:
Gold:   164        SH:  0    Dex: 12    Spells: 6/9 levels left

rFire   + + .        a - +2 spear (venom)
rCold   . . .        (no shield)
rNeg    . . .        q - +3 robe "Yngifiuph" {Harm *Slow rF+ rCorr}
rPois   .            (helmet unavailable)
rElec   .            (no cloak)
rCorr   +            (no gloves)
SInv    +            k - +0 pair of boots
Will    .....        (no amulet)
Stlth   ++           e - +5 ring of evasion
HPRegen 0.26/turn    i - ring of protection from fire
MPRegen 0.11/turn

%: slow self (1%), harm (+30% outgoing, +20% incoming)
@: no status effects
A: permanent stasis, dig shafts and tunnels, antennae 3, four strong arms
a: Dig, Shaft Self


You were on level 4 of the Dungeon.
You visited 1 branch of the dungeon, and saw 4 of its levels.

You collected 164 gold pieces.

Inventory:

Hand Weapons
 a - a +2 spear of venom (weapon)
 b - a +0 sling
Armour
 k - a +0 pair of boots (worn)
 q - the +3 robe "Yngifiuph" (worn) {Harm *Slow rF+ rCorr}
   (You found it on level 2 of the Dungeon)

   rF:        It protects you from fire.
   rCorr:     It protects you from acid and corrosion.
   *Slow:     It may slow you when you take damage.
   Harm:      It increases damage dealt and taken.
Jewellery
 e - a +5 ring of evasion (left hand)
 i - a ring of protection from fire (right hand)
Scrolls
 d - 3 scrolls of identify {unknown}
 f - a scroll of torment {unknown}
 m - 2 scrolls of enchant armour {unknown}
 n - a scroll of vulnerability {unknown}
 r - a scroll of blinking {unknown}
 s - a scroll of enchant weapon {unknown}
Potions
 c - 2 potions of degeneration {unknown}
 g - a potion of mutation {unknown}
 h - 2 potions of curing {unknown}
 j - a potion of lignification {unknown}
 l - a potion of magic
 o - a potion of berserk rage {unknown}
 p - a potion of ambrosia {unknown}


   Skills:
 * Level 1.7 Fighting
 * Level 1.9 Armour
 * Level 2.4 Dodging
 - Level 3.0 Stealth
 * Level 2.8 Spellcasting
 * Level 4.0 Conjurations


You had 6 spell levels left.
You knew the following spells:

 Your Spells              Type           Power      Damage    Failure   Level
a - Searing Ray           Conj           36%        2d5       4%          2
c - Magic Dart            Conj           72%        1d6       3%          1

Your spell library contained the following spells:

 Spells                   Type           Power      Damage    Failure   Level
 Dazzling Flash           Conj/Hex       20%        N/A       21%         3
 Ozocubu's Armour         Ice            2%         N/A       43%         3
 Fulminant Prism          Conj/Hex       5%         3d7       56%         4
 Iskenderun's Mystic Bla  Conj/Tloc      10%        2d4       56%         4
 Ozocubu's Refrigeration  Ice            1%         4d7       100%        7


Dungeon Overview and Level Annotations

Branches:
Dungeon (4/15)
 Temple: D:4-7

Altars:
Fedhas

Annotations:
D:1 exclusions: orb of fire and sensed monster (detected)
D:3 exclusions: goblin and rat


Innate Abilities, Weirdness & Mutations

You cannot be hasted, slowed, berserked, paralysed or teleported.
You can dig through walls and to a lower floor.
You have a pair of large antennae on your head. (SInv)
Your four strong arms can wield two-handed weapons with a shield.


Message History

You kill the kobold!
The ball python closely misses you. x2
The quokka bites you but does no damage.
The ball python misses you. The ball python grabs you.
The ball python constricts you.
You closely miss the ball python. The quokka barely misses you.
An orc priest comes into view. It is wielding a +0 hand axe.
The ball python closely misses you. The ball python constricts you.
The quokka bites you but does no damage.
You closely miss the ball python.
The ball python bites you but does no damage.
The ball python constricts you.
The orc priest looks satisfied for a moment.
The quokka closely misses you.
You hit the ball python.
You kill the ball python!
The quokka bites you.
You hit the quokka.
You kill the quokka!
An orc wizard comes into view. It is wielding a +0 dagger.
An orc priest comes into view. It is wielding a +0 mace.
The orc priest calls down the wrath of Beogh upon you.
Pain shoots through your body!
You reach to attack!
The orc wizard shouts!
The orc priest shouts!
You hit the orc priest.
The orc priest is poisoned.
The orc priest is lightly wounded.
You hit the orc priest but do no damage.
The orc priest looks as sick as possible!
The orc priest is lightly wounded.
The orc priest invokes the aid of Beogh against you.
Pain shoots through your body!
The orc priest mumbles some strange prayers to Beogh against you.
Beogh smites you!
You die...

...... #.....
#...o.##########
...............
# ..o...........
#..#............
#..o..........
#@.........
###8#..††......
.......)<.......
..........######
..........#
{.##8#...## .
###..## ##.# ...


You could see 2 orc priests and an orc wizard.

Vanquished Creatures
  4 adders
  4 worms (D:2)
  6 endoplasms
  2 giant cockroaches (D:2)
  5 goblins
  A hobgoblin (D:1)
  7 jackals (D:3)
  5 kobolds
  3 quokkas
  5 ball pythons
  7 bats
  12 frilled lizards
  3 rats (D:1)
64 creatures vanquished.

Notes
Turn   | Place    | Note
-------+----------+-------------------------------------------
     0 | D:1      | DildoBatman the Formicid Conjurer began the quest for the
                  | Orb.
     0 | D:1      | Reached XP level 1. HP: 13/13 MP: 3/3
     0 | D:1      | Noticed an ice dragon
     8 | D:1      | Noticed a purple draconian
    33 | D:1      | Noticed a shadow dragon
    35 | D:1      | Noticed an orb of fire
    35 | D:1      | Noticed an ice dragon
    39 | D:1      | Noticed an ice dragon
    39 | D:1      | Noticed an ice dragon
    39 | D:1      | Noticed an ice dragon
    41 | D:1      | Noticed an orb of fire
    41 | D:1      | Noticed a tentacled monstrosity
   147 | D:1      | Found a faded altar of an unknown god.
   320 | D:1      | Reached XP level 2. HP: 20/20 MP: 1/5
   323 | D:1      | Learned a level 2 spell: Searing Ray
   985 | D:1      | Reached skill level 1 in Armour
  1047 | D:1      | Reached XP level 3. HP: 22/25 MP: 2/6
  1248 | D:2      | Reached skill level 1 in Fighting
  1466 | D:2      | Found a blossoming altar of Fedhas.
  1501 | D:2      | Reached XP level 4. HP: 28/32 MP: 4/7
  1722 | D:2      | Identified the +3 robe "Yngifiuph" {Harm *Slow rF+ rCorr}
  2069 | D:3      | Reached skill level 4 in Conjurations
  2234 | D:3      | Reached XP level 5. HP: 37/37 MP: 9/9
  2474 | D:4      | Killed from afar by an orc priest

Illustrated notes

Levels and vault maps discovered:
D:1:      shiori_arrival_whats_in_store_for_you, layout_basic,
          ebering_ecumenical_altar_mist, nicolae_concentric_dashed_squares_wild,
          minmay_strange_pillars, minmay_quantized
D:2:      layout_basic, basic_altar
D:3:      layout_basic, grunt_decor_cap, minmay_lizard_king, uniq_robin
D:4:      layout_rooms, cheibrodos_worm_habitat,
          lemuel_mausoleum_altar_yredelemnul, grunt_temple_overflow_open,
          serial_corexii_hall, corexii_hall_statues_s,
          corexii_hall_statues_deadend

Skill      XL: |  1  2  3  4 |
---------------+-------------+-----
Dodging        | 2 |  2.4
Armour         | 1 |  1.9
Fighting       | 1 |  1.7
Stealth        | 3 |  3.0
Conjurations   | 4 |  4.0
Spellcasting   | |  2.8

Action                     |  1- 3 |  4- 6 || total
---------------------------+-------+-------++-------
  Melee: Unarmed           |     6 |       ||     6
         Spear             |    34 |    81 ||   115
         Punch             |       |     1 ||     1
   Cast: Magic Dart        |    37 |       ||    37
         Searing Ray       |     3 |     1 ||     4
   Stab: Sleeping          |     1 |     2 ||     3
 Armour: Robe              |     2 |    17 ||    19
  Dodge: Dodged            |    32 |    68 ||   100
